 Dungeon Crawl Stone Soup version 0.28.0-53-g5a82cb258f (webtiles) character file.

Game seed: 15974282814422563997

45 issech the Skirmisher (level 3, -5/34 HPs)
             Began as a Minotaur Monk on June 24, 2022.
             Killed from afar by an orc wizard (7 damage)
             ... with a puff of flame
             ... on level 2 of the Dungeon.
             The game lasted 00:02:45 (1019 turns).

issech the Skirmisher (Minotaur Monk)               Turns: 1019, Time: 00:02:45

Health: -5/34      AC:  6    Str: 15    XL:     3   Next: 42%
Magic:  2/2        EV: 13    Int:  7    God:
Gold:   48         SH:  0    Dex: 14    Spells: 2/2 levels left

rFire   . . .      SeeInvis .   a - +0 hand axe
rCold   . . .      Faith    .   (no shield)
rNeg    . . .      Spirit   .   b - +0 robe
rPois   .          Reflect  .   (helmet restricted)
rElec   .          Harm     .   (no cloak)
rCorr   .          Rampage  .   (no gloves)
Will    .....                   (no boots)
Stlth   ++........              (no amulet)
HPRegen 0.11/turn               f - +4 ring of protection
MPRegen 0.08/turn               (no ring)

@: no status effects
A: horns 2, retaliatory headbutt
a: no special abilities


You were on level 2 of the Dungeon.
You visited 1 branch of the dungeon, and saw 2 of its levels.

You collected 48 gold pieces.

Inventory:

Hand Weapons
 a - a +0 hand axe (weapon)
Missiles
 e - 30 stones (quivered)
 j - 12 sling bullets
Armour
 b - a +0 robe (worn)
 l - a +0 plate armour
Jewellery
 f - a +4 ring of protection (left hand)
Scrolls
 c - 2 scrolls of teleportation {unknown}
 g - a scroll of identify {unknown}
 h - 2 scrolls of fog {unknown}
Potions
 d - a potion of haste {unknown}
 i - a potion of mutation {unknown}
 k - a potion of attraction {unknown}


   Skills:
 + Level 4.4 Fighting
 + Level 4.3 Axes
 + Level 3.7 Dodging
 + Level 1.6 Stealth


You had 2 spell levels left.
You didn't know any spells.
Your spell library contained the following spells:

 Spells                   Type           Power      Damage    Failure   Level
 Shock                    Conj/Air       0%         1d3       43%         1
 Sting                    Tmut/Pois      0%         1d3       43%         1
 Poisonous Vapours        Pois/Air       0%         N/A       56%         2
 Sublimation of Blood     Necr           0%         N/A       56%         2
 Swiftness                Air            0%         N/A       80%         3
 Airstrike                Air            0%         N/A       99%         4
 Olgreb's Toxic Radiance  Pois           0%         N/A       99%         4
 Petrify                  Tmut/Erth      0%         N/A       99%         4
 Irradiate                Conj/Tmut      0%         3d14      100%        5


Dungeon Overview and Level Annotations

Branches:
Dungeon (2/15)

Altars:


Innate Abilities, Weirdness & Mutations

You have a pair of horns on your head.
You reflexively headbutt those who attack you in melee.


Message History

There is an open door here.
You hit the goblin. Your headbutt misses the goblin.
The goblin is severely wounded.
The goblin closely misses you. You furiously retaliate!
You headbutt the goblin.
You kill the goblin!
You closely miss the quokka. The quokka closely misses you.
The quokka barely misses you. You furiously retaliate!
You headbutt the quokka!
You kill the quokka!
The orc misses you.
Things that are here:
a +0 dagger; a quokka corpse; a goblin corpse You hit the orc but do no damage.
You headbutt the orc.
The orc is almost dead.
The orc hits you with a +0 falchion.
You hit the orc but do no damage.
The orc is almost dead.
The orc barely misses you. You furiously retaliate!
You headbutt the orc, but do no damage. You hit the orc.
You kill the orc!
You hit something but do no damage. Your headbutt misses something.
Something hits you.
* * * LOW HITPOINT WARNING * * *
You miss something. Something hits you but does no damage.
You hit something.
You hear some strange, mumbled words.
A puff of flame appears from out of thin air!
The puff of flame hits you.
* * * LOW HITPOINT WARNING * * *
Unknown command.
You hit something. Something hits you.
* * * LOW HITPOINT WARNING * * *
An orc wizard appears from thin air!
Reactivating autopickup.
The orc wizard points at you and mumbles some strange words.
You resist with significant effort.
The orc wizard points at you and mumbles some strange words.
The puff of flame hits you!
You die...

.# # #.# .# .# #.# .## ###.## #.#
##+#.. #.... #.# ##...## #.#.#
#.## ##.....## ##.#.## # #..##
##.......#
###.....##.######...####.........
................@..oo)o'.........
###...#.##.######...####.........
##.......#####..)## ##.......#
####.####........## ##.....##
#.....)..#.......# ##......
#.#.###..#.......# #..#### #.#.#
#..#.......# ...# #.#.#
#..##.....## #..# #.#.#
#..###....#


You could see an orc wizard and 2 orcs.

Vanquished Creatures
  A worm (D:1)
  A dart slug (D:1)
  An orc (D:2)
  3 ball pythons (D:1)
  An endoplasm (D:2)
  6 goblins
  4 hobgoblins (D:1)
  6 kobolds (D:1)
  2 quokkas (D:2)
  4 bats
  4 frilled lizards (D:1)
  4 rats
37 creatures vanquished.

Notes
Turn   | Place    | Note
-------+----------+-------------------------------------------
     0 | D:1      | issech the Minotaur Monk began the quest for the Orb.
     0 | D:1      | Reached XP level 1. HP: 19/19 MP: 0/0
   203 | D:1      | Reached XP level 2. HP: 21/27 MP: 1/1
   606 | D:1      | Reached XP level 3. HP: 34/34 MP: 2/2
  1019 | D:2      | Killed from afar by an orc wizard

Illustrated notes

Levels and vault maps discovered:
D:1:      psy_arrival_basics, layout_rooms, nicolae_wormholes
D:2:      layout_loops_corners, uniq_jessica

Skill      XL: |  1  2 |
---------------+-------+-----
Fighting       | 4 |  4.4
Axes           | 4 |  4.3
Dodging        | |  3.7
Stealth        | |  1.6

Action                   || total
-------------------------++-------
Melee: Hand axe          ||    71
       Headbutt          ||     7
       Punch             ||     1
Throw: Stone             ||     4
 Stab: Sleeping          ||     1
Armor: Robe              ||    12
Dodge: Dodged            ||    60
